Jets vs Capitals (R3)

Created - 19 mars 2018 at 20:02

Goals
1 2 3 T
Jets 1 1 0 2
Capitals 2 0 1 3
Shots
1 2 3 T
Jets 13 8 10 31
Capitals 10 12 11 33

1st period

1. Capitals , Ben Chiarot 2 (Ondrej Palat 24, Claude Giroux 26) at 12:04 (PP)
2. Jets , Nathan MacKinnon 34 (Wayne Simmonds 38, Duncan Keith 32) at 15:06 (SH)
3. Capitals , Josh Bailey 20 (Jake Guentzel 12, Oliver Ekman-Larsson 33) at 16:16 (PP)

Penalties :
Nathan Paetsch (WIN) for Holding (Minor) at 1:57, Wayne Simmonds (WIN) for Hooking (Minor) at 11:53, Travis Hamonic (WIN) for Hooking (Minor) at 14:29

2nd period

4. Jets , Wayne Simmonds 39 (Nathan MacKinnon 49, Marian Hossa 24) at 15:35 (PP)

Penalties :
Anders Bjork (WAS) for Roughing (Minor) at 0:36, Duncan Keith (WIN) for Slashing (Minor) at 0:47, Wayne Simmonds (WIN) for Roughing (Minor) at 10:03, Valtteri Filppula (WAS) for Roughing (Minor) at 15:25

3rd period

5. Capitals , Claude Giroux 28 (Josh Bailey 33, Anton Stralman 23) at 2:59

Penalties :
Josh Gorges (WIN) for Slashing (Minor) at 10:17, Wayne Simmonds (WIN) for Interference (Minor) at 17:32

Goalie Stats

Craig Anderson (WIN), 30 saves from 33 shots - (0,909), L, 24-17-5, 60:00 minutes
Jonathan Quick (WAS), 29 saves from 31 shots - (0,935), W, 26-17-6, 60:00 minutes

Players Stats for Jets

Player Name              G  A  P  +/- PIM S  H  SB GA TA FO     MP     PP MP  PK MP  
------------------------------------------------------------------------------------
Anton Lindholm           0  0  0   0  0   0  0  0  0  0  0/0     1:20   0:00   0:00 
Brett Ritchie            0  0  0   0  0   1  0  2  0  0  1/1    16:04   0:00   2:58 
Colton Sissons           0  0  0   0  0   0  0  0  0  0  1/1     4:31   0:00   0:44 
Duncan Keith             0  1  1   0  2   3  0  2  1  3  0/0    25:25   0:20   6:07 
Eric Fehr                0  0  0  -1  0   0  2  0  0  1  5/14   17:01   0:11   0:29 
Frederick Gaudreau       0  0  0   0  0   0  0  0  0  0  0/0     2:01   0:00   0:02 
Jacob Josefson           0  0  0  -1  0   1  2  0  0  0  1/1    15:38   0:11   0:00 
Jay McClement            0  0  0   0  0   3  0  0  1  0  3/6    12:34   0:00   0:02 
Jimmy Vesey              0  0  0   0  0   0  0  1  0  0  0/0    14:57   0:00   2:29 
Josh Gorges              0  0  0   0  2   3  0  1  0  3  0/0    18:13   0:00   3:06 
Josh Manson              0  0  0   0  0   2  0  1  0  2  0/0    18:59   0:00   3:55 
Joshua Morrissey         0  0  0   0  0   0  0  2  0  0  0/0     9:13   0:00   0:12 
Marian Hossa             0  1  1   0  0   1  1  0  1  0  0/0    18:05   0:10   2:15 
Mark Pysyk               0  0  0   0  0   0  0  3  0  0  0/0    11:19   0:00   1:41 
Nate Prosser             0  0  0   0  0   0  1  0  0  0  0/0     4:50   0:00   0:00 
Nathan MacKinnon         1  1  2   1  0   7  1  1  1  0  17/37  25:20   0:10   5:41 
Nathan Paetsch           0  0  0   0  2   0  1  0  0  0  0/0     4:54   0:00   0:00 
Travis Hamonic           0  0  0   0  2   1  1  0  0  2  0/0    26:08   0:21   5:09 
Troy Brouwer             0  0  0  -1  0   2  1  1  0  0  0/2    18:28   0:11   2:15 
Wayne Simmonds           1  1  2   1  6   7  4  2  0  0  0/1    23:00   0:10   3:15 

Players Stats for Capitals

Player Name              G  A  P  +/- PIM S  H  SB GA TA FO     MP     PP MP  PK MP  
------------------------------------------------------------------------------------
Anders Bjork             0  0  0   0  2   8  2  0  0  0  0/1    12:40   0:09   0:00 
Anton Stralman           0  1  1   0  0   0  2  0  0  0  0/0    26:27   6:44   0:00 
Ben Chiarot              1  0  1   0  0   1  1  0  0  1  0/0    18:12   3:21   0:21 
Brendan Smith            0  0  0   0  0   1  2  0  0  1  0/0    14:19   0:00   0:21 
Brock Nelson             0  0  0   1  0   1  0  0  1  1  0/0    18:57   5:15   0:00 
Claude Giroux            1  1  2   1  0   4  2  0  2  0  19/28  19:49   5:15   0:00 
Darren Helm              0  0  0   0  0   3  0  0  0  0  3/8    13:17   0:09   0:00 
Ian Cole                 0  0  0   0  0   0  1  1  0  0  0/0    19:14   3:21   0:00 
Jake Guentzel            0  1  1  -1  0   2  2  0  0  0  0/2    17:46   4:41   0:00 
Jason Chimera            0  0  0   0  0   1  0  0  0  0  0/1     8:24   0:00   0:00 
Josh Bailey              1  1  2  -1  0   3  1  1  1  0  0/1    17:46   4:41   0:00 
Nick Shore               0  0  0   0  0   0  0  1  0  0  2/2     9:30   0:09   0:21 
Oliver Ekman-Larsson     0  1  1   0  0   2  3  1  0  0  0/0    26:27   6:44   0:00 
Ondrej Palat             0  1  1   1  0   2  2  0  3  0  0/1    19:49   5:15   0:00 
Riley Sheahan            0  0  0   0  0   1  1  1  1  0  3/4     8:50   0:00   0:00 
Scottie Upshall          0  0  0   0  0   0  1  0  1  0  0/0    12:53   0:00   0:21 
Valtteri Filppula        0  0  0  -1  2   2  1  1  2  1  8/15   18:08   4:41   0:00 
Zach Bogosian            0  0  0   0  0   2  3  0  0  0  0/0    15:21   0:00   0:00 

3 Stars

1 - Claude Giroux (WAS)
2 - Nathan MacKinnon (WIN)
3 - Josh Bailey (WAS)

Power Play

Jets - 1 on 2 Attempt(s) - 50,00%
Capitals - 2 on 7 Attempt(s) - 28,57%

Penalty Kill

Jets - 5 on 7 Attempt(s) - 71,43% - Score 1 goal in Penalty Kill
Capitals - 1 on 2 Attempt(s) - 50,00% - Score 0 goal in Penalty Kill

Team Stat

Jets - Hits : 14 - Faceoff Wins : 28 - Blocked Shots : 16 - Penalty Minutes : 14
Capitals - Hits : 24 - Faceoff Wins : 35 - Blocked Shots : 6 - Penalty Minutes : 4

Official

Referees : Gord Dwyer and Chris Lee
Linesman : Greg Devorski and Jonny Murray

Game Notes

No Game Note

Finance

Level 1 -- Attendance: 4996 (83,27%) -- Ticket Income 499 600 $
Level 2 -- Attendance: 3665 (73,30%) -- Ticket Income 256 550 $
Level 3 -- Attendance: 1508 (75,40%) -- Ticket Income 63 336 $
Level 4 -- Attendance: 2944 (73,60%) -- Ticket Income 73 600 $
Luxury Box -- Attendance: 783 (78,30%) -- Ticket Income 152 685 $
Game was played at the Washington Arena.
Total Attendance: 13896 (77,20%)
Total Ticket Income: 1 045 771 $
Other Income: 512 428 $
Total Income: 1 558 199 $

Jets

5 vs 5 Forward 
   Center                   Left Wing                Right Wing               Time % Phy DF OF 
 1 Nathan MacKinnon         Wayne Simmonds           Marian Hossa             40     1   2  2  
 2 Eric Fehr                Jacob Josefson           Troy Brouwer             30     1   2  2  
 3 Jay McClement            Jimmy Vesey              Brett Ritchie            20     1   2  2  
 4 Colton Sissons           Nathan MacKinnon         Wayne Simmonds           10     1   2  2  

5 vs 5 Defense 
   Defense                  Defense                                           Time % Phy DF OF 
 1 Duncan Keith             Travis Hamonic                                    40     1   2  2  
 2 Josh Gorges              Josh Manson                                       30     1   2  2  
 3 Mark Pysyk               Joshua Morrissey                                  20     1   2  2  
 4 Nate Prosser             Nathan Paetsch                                    10     1   2  2  

PowerPlay Forward 
   Center                   Left Wing                Right Wing               Time % Phy DF OF 
 1 Nathan MacKinnon         Wayne Simmonds           Marian Hossa             60     1   2  2  
 2 Eric Fehr                Jacob Josefson           Troy Brouwer             40     1   2  2  

PowerPlay Defense
   Defense                  Defense                                           Time % Phy DF OF 
 1 Duncan Keith             Travis Hamonic                                    60     1   2  2  
 2 Josh Gorges              Josh Manson                                       40     1   2  2  

Penalty Kill 4 Players Forward 
   Center                   Wing                     Time % Phy DF OF 
 1 Nathan MacKinnon         Wayne Simmonds           60     1   2  2  
 2 Marian Hossa             Troy Brouwer             40     1   2  2  

Penalty Kill 4 Players Defense
   Defense                  Defense                  Time % Phy DF OF 
 1 Duncan Keith             Travis Hamonic           60     1   2  2  
 2 Josh Gorges              Josh Manson              40     1   2  2  

Penalty Kill - 3 Players Forward 
   Forward                                           Time % Phy DF OF 
 1 Nathan MacKinnon                                  60     1   2  2  
 2 Wayne Simmonds                                    40     1   2  2  

Penalty Kill - 3 Players Defense
   Defense                  Defense                  Time % Phy DF OF 
 1 Duncan Keith             Travis Hamonic           60     1   2  2  
 2 Josh Gorges              Josh Manson              40     1   2  2  

4 vs 4 Forward 
   Center                   Wing                     Time % Phy DF OF 
 1 Nathan MacKinnon         Wayne Simmonds           60     1   2  2  
 2 Marian Hossa             Troy Brouwer             40     1   2  2  

4 vs 4 Defense
   Defense                  Defense                  Time % Phy DF OF 
 1 Duncan Keith             Travis Hamonic           60     1   2  2  
 2 Josh Gorges              Josh Manson              40     1   2  2  

Last Minutes Offensive
   Center                   Left Wing                Right Wing               Defense                  Defense                  
   Nathan MacKinnon         Wayne Simmonds           Marian Hossa             Duncan Keith             Travis Hamonic           

Last Minutes Defensive
   Center                   Left Wing                Right Wing               Defense                  Defense                  
   Nathan MacKinnon         Wayne Simmonds           Marian Hossa             Duncan Keith             Travis Hamonic           

Goaltenders
Starting : Craig Anderson           
Backup : Anton Forsberg           

Extra Forwards
Normal : Frederick Gaudreau, Jay McClement, Brett Ritchie - PP : Frederick Gaudreau, Jay McClement - PK : Brett Ritchie
Extra Defensemen
Normal : Anton Lindholm, Mark Pysyk, Joshua Morrissey - PP : Anton Lindholm - PK : Mark Pysyk, Joshua Morrissey
Penalty Shots
Nathan MacKinnon, Wayne Simmonds, Marian Hossa, Troy Brouwer, Eric Fehr
Custom OT Lines Forwards
Nathan MacKinnon, Wayne Simmonds, Marian Hossa, Troy Brouwer, Eric Fehr, Jay McClement, Jacob Josefson, Brett Ritchie, Jimmy Vesey, Colton Sissons
Custom OT Lines Defensemen
Duncan Keith, Travis Hamonic, Josh Gorges, Josh Manson, Mark Pysyk

Scratches
Alex Galchenyuk (Sports Hernia Injury), Ondrej Pavelec (Healthy)

Capitals

5 vs 5 Forward 
   Center                   Left Wing                Right Wing               Time % Phy DF OF 
 1 Claude Giroux            Brock Nelson             Ondrej Palat             30     0   2  3  
 2 Valtteri Filppula        Jake Guentzel            Josh Bailey              30     0   1  4  
 3 Darren Helm              Anders Bjork             Scottie Upshall          25     0   2  3  
 4 Riley Sheahan            Nick Shore               Jason Chimera            15     1   3  1  

5 vs 5 Defense 
   Defense                  Defense                                           Time % Phy DF OF 
 1 Oliver Ekman-Larsson     Anton Stralman                                    33     0   3  2  
 2 Ian Cole                 Zach Bogosian                                     30     0   2  3  
 3 Brendan Smith            Ben Chiarot                                       27     0   3  2  
 4 Oliver Ekman-Larsson     Anton Stralman                                    10     0   4  1  

PowerPlay Forward 
   Center                   Left Wing                Right Wing               Time % Phy DF OF 
 1 Claude Giroux            Brock Nelson             Ondrej Palat             60     0   0  5  
 2 Valtteri Filppula        Jake Guentzel            Josh Bailey              40     0   0  5  

PowerPlay Defense
   Defense                  Defense                                           Time % Phy DF OF 
 1 Oliver Ekman-Larsson     Anton Stralman                                    60     0   1  4  
 2 Ian Cole                 Ben Chiarot                                       40     0   1  4  

Penalty Kill 4 Players Forward 
   Center                   Wing                     Time % Phy DF OF 
 1 Nick Shore               Scottie Upshall          60     1   4  0  
 2 Riley Sheahan            Jason Chimera            40     1   4  0  

Penalty Kill 4 Players Defense
   Defense                  Defense                  Time % Phy DF OF 
 1 Ben Chiarot              Brendan Smith            60     1   4  0  
 2 Ian Cole                 Zach Bogosian            40     1   4  0  

Penalty Kill - 3 Players Forward 
   Forward                                           Time % Phy DF OF 
 1 Darren Helm                                       60     0   5  0  
 2 Riley Sheahan                                     40     0   5  0  

Penalty Kill - 3 Players Defense
   Defense                  Defense                  Time % Phy DF OF 
 1 Ben Chiarot              Brendan Smith            60     1   4  0  
 2 Ian Cole                 Zach Bogosian            40     1   4  0  

4 vs 4 Forward 
   Center                   Wing                     Time % Phy DF OF 
 1 Claude Giroux            Ondrej Palat             60     0   2  3  
 2 Valtteri Filppula        Brock Nelson             40     0   2  3  

4 vs 4 Defense
   Defense                  Defense                  Time % Phy DF OF 
 1 Oliver Ekman-Larsson     Anton Stralman           60     0   3  2  
 2 Ian Cole                 Ben Chiarot              40     0   3  2  

Last Minutes Offensive
   Center                   Left Wing                Right Wing               Defense                  Defense                  
   Claude Giroux            Ondrej Palat             Josh Bailey              Oliver Ekman-Larsson     Anton Stralman           

Last Minutes Defensive
   Center                   Left Wing                Right Wing               Defense                  Defense                  
   Claude Giroux            Ondrej Palat             Josh Bailey              Oliver Ekman-Larsson     Anton Stralman           

Goaltenders
Starting : Jonathan Quick           
Backup : Antti Raanta             

Extra Forwards
Normal : Nick Shore, Darren Helm, Riley Sheahan - PP : Nick Shore, Darren Helm - PK : Riley Sheahan
Extra Defensemen
Normal : Brendan Smith, Ian Cole, Anton Stralman - PP : Brendan Smith - PK : Ian Cole, Zach Bogosian
Penalty Shots
Claude Giroux, Ondrej Palat, Valtteri Filppula, Brock Nelson, Josh Bailey
Custom OT Lines Forwards
Claude Giroux, Ondrej Palat, Valtteri Filppula, Brock Nelson, Josh Bailey, Jake Guentzel, Darren Helm, Riley Sheahan, Anders Bjork, Scottie Upshall
Custom OT Lines Defensemen
Oliver Ekman-Larsson, Anton Stralman, Ian Cole, Ben Chiarot, Brendan Smith

Scratches
Drew Miller (Healthy), Brady Skjei (Healthy)

% Time on Ice - Jets

Lines # - Real PCT - Wanted PCT - Time Play
Normal Forward
1 - 34% - 40% - 16:05
2 - 33% - 30% - 15:43
3 - 26% - 20% - 12:11
4 - 8% - 10% - 3:47
Normal Defense
1 - 40% - 40% - 19:19
2 - 31% - 30% - 14:36
3 - 19% - 20% - 9:01
4 - 10% - 10% - 4:50
PP Forward
1 - 48% - 60% - 0:10
2 - 52% - 40% - 0:11
PP Defense
1 - 100% - 60% - 0:21
2 - 0% - 40% - 0:00
PK Forward
1 - 78% - 60% - 7:50
2 - 22% - 40% - 2:15
PK Defense
1 - 61% - 60% - 6:10
2 - 39% - 40% - 3:55
PK3 Forward
1 - 0% - 60%
2 - 0% - 40%
PK3 Defense
1 - 0% - 60%
2 - 0% - 40%
44 Forward
1 - 82% - 60% - 1:29
2 - 18% - 40% - 0:19
44 Defense
1 - 74% - 60% - 1:20
2 - 26% - 40% - 0:28
Last Minute Offensive  - 0:00
Last Minute Defensive  - 0:00
Total
Forward - 60:00
Defense - 60:00

% Time on Ice - Capitals

Lines # - Real PCT - Wanted PCT - Time Play
Normal Forward
1 - 28% - 30% - 13:19
2 - 28% - 30% - 13:05
3 - 26% - 25% - 12:32
4 - 18% - 15% - 8:24
Normal Defense
1 - 33% - 33% - 15:28
2 - 34% - 30% - 16:06
3 - 28% - 27% - 13:04
4 - 6% - 10% - 2:42
PP Forward
1 - 54% - 60% - 5:24
2 - 46% - 40% - 4:41
PP Defense
1 - 67% - 60% - 6:44
2 - 33% - 40% - 3:21
PK Forward
1 - 100% - 60% - 0:21
2 - 0% - 40% - 0:00
PK Defense
1 - 100% - 60% - 0:21
2 - 0% - 40% - 0:00
PK3 Forward
1 - 0% - 60%
2 - 0% - 40%
PK3 Defense
1 - 0% - 60%
2 - 0% - 40%
44 Forward
1 - 79% - 60% - 1:25
2 - 21% - 40% - 0:23
44 Defense
1 - 62% - 60% - 1:07
2 - 38% - 40% - 0:41
Last Minute Offensive  - 0:00
Last Minute Defensive  - 0:26
Total
Forward - 60:00
Defense - 60:00

Play by Play

1st period


0:01 of 1st period - Claude Giroux wins face-off versus Nathan MacKinnon in neutral zone.
0:16 of 1st period - Snap shot by Claude Giroux.
0:16 of 1st period - Shot Misses the Net.
0:38 of 1st period - Backhand shot by Troy Brouwer.
0:38 of 1st period - Stopped by Jonathan Quick with a rebound.
0:47 of 1st period - Off-side.
0:48 of 1st period - Jay McClement wins face-off versus Anders Bjork in neutral zone.
0:52 of 1st period - Slapshot by Josh Manson.
0:52 of 1st period - Stopped by Jonathan Quick with a rebound.
1:20 of 1st period - Snap shot by Riley Sheahan.
1:20 of 1st period - Shot Misses the Net.
1:22 of 1st period - Slapshot by Zach Bogosian.
1:22 of 1st period - Shot Misses the Net.
1:24 of 1st period - Slapshot by Zach Bogosian.
1:24 of 1st period - Stopped by Craig Anderson without a rebound.
1:25 of 1st period - Valtteri Filppula wins face-off versus Eric Fehr in Jets zone.
1:57 of 1st period - Minor Penalty to Nathan Paetsch for Holding.
1:58 of 1st period - Claude Giroux wins face-off versus Nathan MacKinnon in Jets zone.
3:57 of 1st period - Penalty to Nathan Paetsch is over, Nathan Paetsch is back on ice.
4:15 of 1st period - Jimmy Vesey is hit by Anders Bjork and loses puck.
5:25 of 1st period - Wrist shot by Valtteri Filppula.
5:25 of 1st period - Shot Hit the Post.
5:27 of 1st period - Slapshot by Jake Guentzel.
5:27 of 1st period - Stopped by Craig Anderson with a rebound.
8:22 of 1st period - Snap shot by Jimmy Vesey.
8:22 of 1st period - Shot Misses the Net.
8:24 of 1st period - Snap shot by Nathan Paetsch.
8:24 of 1st period - Shot Misses the Net.
8:28 of 1st period - Wrist shot by Brett Ritchie.
8:28 of 1st period - Stopped by Jonathan Quick without a rebound.
8:29 of 1st period - Eric Fehr wins face-off versus Ondrej Palat in Capitals zone.
8:34 of 1st period - Wrist shot by Troy Brouwer.
8:34 of 1st period - Stopped by Jonathan Quick with a rebound.
9:19 of 1st period - Josh Gorges is hit by Oliver Ekman-Larsson and loses puck.
9:24 of 1st period - Snap shot by Jake Guentzel.
9:24 of 1st period - Stopped by Craig Anderson without a rebound.
9:25 of 1st period - Valtteri Filppula wins face-off versus Eric Fehr in Jets zone.
9:34 of 1st period - Josh Bailey is hit by Eric Fehr and loses puck.
9:53 of 1st period - Wrist shot by Josh Bailey.
9:53 of 1st period - Shot Misses the Net.
10:22 of 1st period - Off-side.
10:23 of 1st period - Eric Fehr wins face-off versus Riley Sheahan in neutral zone.
10:55 of 1st period - Wrist shot by Nathan MacKinnon.
10:55 of 1st period - Stopped by Jonathan Quick with a rebound.
11:09 of 1st period - Snap shot by Anders Bjork.
11:09 of 1st period - Shot Misses the Net.
11:11 of 1st period - Slapshot by Oliver Ekman-Larsson.
11:11 of 1st period - Shot Blocked by Mark Pysyk.
11:29 of 1st period - Snap shot by Troy Brouwer.
11:29 of 1st period - Shot Blocked by Valtteri Filppula.
11:38 of 1st period - Off-side.
11:39 of 1st period - Riley Sheahan wins face-off versus Nathan MacKinnon in neutral zone.
11:44 of 1st period - Wrist shot by Riley Sheahan.
11:44 of 1st period - Shot Misses the Net.
11:48 of 1st period - Wrist shot by Jason Chimera.
11:48 of 1st period - Stopped by Craig Anderson with a rebound.
11:53 of 1st period - Minor Penalty to Wayne Simmonds for Hooking.
11:54 of 1st period - Nathan MacKinnon wins face-off versus Claude Giroux in Jets zone.
12:02 of 1st period - Slapshot by Ondrej Palat.
12:02 of 1st period - Shot Misses the Net.
12:04 of 1st period - Slapshot by Ben Chiarot.
12:04 of 1st period - Deflect By Nathan MacKinnon.
12:04 of 1st period - Goal by Ben Chiarot - Jets : 0 - Capitals : 1.
12:05 of 1st period - Claude Giroux wins face-off versus Nathan MacKinnon in neutral zone.
12:44 of 1st period - Slapshot by Jacob Josefson.
12:44 of 1st period - Stopped by Jonathan Quick with a rebound.
12:46 of 1st period - Slapshot by Duncan Keith.
12:46 of 1st period - Shot Misses the Net.
12:56 of 1st period - Snap shot by Jay McClement.
12:56 of 1st period - Shot Misses the Net.
12:58 of 1st period - Snap shot by Jay McClement.
12:58 of 1st period - Stopped by Jonathan Quick with a rebound.
13:00 of 1st period - Wrist shot by Jay McClement.
13:00 of 1st period - Stopped by Jonathan Quick with a rebound.
13:02 of 1st period - Backhand shot by Brett Ritchie.
13:02 of 1st period - Shot Blocked by Josh Bailey.
13:04 of 1st period - Snap shot by Jay McClement.
13:04 of 1st period - Shot Misses the Net.
13:06 of 1st period - Snap shot by Brett Ritchie.
13:06 of 1st period - Shot Misses the Net.
13:16 of 1st period - Oliver Ekman-Larsson is hit by Wayne Simmonds and loses puck.
13:25 of 1st period - Slapshot by Darren Helm.
13:25 of 1st period - Stopped by Craig Anderson without a rebound.
13:26 of 1st period - Claude Giroux wins face-off versus Troy Brouwer in Jets zone.
13:38 of 1st period - Snap shot by Eric Fehr.
13:38 of 1st period - Shot Misses the Net.
14:29 of 1st period - Minor Penalty to Travis Hamonic for Hooking.
14:30 of 1st period - Claude Giroux wins face-off versus Nathan MacKinnon in Jets zone.
15:06 of 1st period - Slapshot by Nathan MacKinnon.
15:06 of 1st period - Goal by Nathan MacKinnon - Jets : 1 - Capitals : 1.
15:07 of 1st period - Nathan MacKinnon wins face-off versus Claude Giroux in neutral zone.
16:14 of 1st period - Snap shot by Josh Bailey.
16:14 of 1st period - Shot Hit the Post.
16:16 of 1st period - Snap shot by Josh Bailey.
16:16 of 1st period - Goal by Josh Bailey - Jets : 1 - Capitals : 2.
16:17 of 1st period - Nathan MacKinnon wins face-off versus Claude Giroux in neutral zone.
16:34 of 1st period - Slapshot by Nathan MacKinnon.
16:34 of 1st period - Shot Blocked by Ian Cole.
17:07 of 1st period - Slapshot by Duncan Keith.
17:07 of 1st period - Shot Blocked by Nick Shore.
17:17 of 1st period - Slapshot by Riley Sheahan.
17:17 of 1st period - Stopped by Craig Anderson without a rebound.
17:18 of 1st period - Nathan MacKinnon wins face-off versus Claude Giroux in Jets zone.
17:18 of 1st period - Nathan MacKinnon is hit by Oliver Ekman-Larsson.
17:30 of 1st period - Snap shot by Wayne Simmonds.
17:30 of 1st period - Deflect By Oliver Ekman-Larsson.
17:30 of 1st period - Stopped by Jonathan Quick without a rebound.
17:31 of 1st period - Valtteri Filppula wins face-off versus Wayne Simmonds in Capitals zone.
17:46 of 1st period - Snap shot by Jake Guentzel.
17:46 of 1st period - Deflect By Josh Gorges.
17:46 of 1st period - Shot Misses the Net.
17:46 of 1st period - Puck is out of play.
17:47 of 1st period - Claude Giroux wins face-off versus Eric Fehr in Jets zone.
17:53 of 1st period - Off-side.
17:54 of 1st period - Claude Giroux wins face-off versus Eric Fehr in neutral zone.
18:02 of 1st period - Icing by Jacob Josefson.
18:03 of 1st period - Eric Fehr wins face-off versus Josh Bailey in Jets zone.
18:03 of 1st period - Eric Fehr is hit by Oliver Ekman-Larsson.
18:11 of 1st period - Slapshot by Valtteri Filppula.
18:11 of 1st period - Shot Blocked by Troy Brouwer.
18:13 of 1st period - Slapshot by Oliver Ekman-Larsson.
18:13 of 1st period - Shot Misses the Net.
18:24 of 1st period - Icing by Oliver Ekman-Larsson.
18:25 of 1st period - Claude Giroux wins face-off versus Nathan MacKinnon in Capitals zone.
18:32 of 1st period - Wayne Simmonds is hit by Anton Stralman and loses puck.
18:41 of 1st period - Slapshot by Claude Giroux.
18:41 of 1st period - Stopped by Craig Anderson without a rebound.
18:42 of 1st period - Jacob Josefson wins face-off versus Darren Helm in Jets zone.
18:57 of 1st period - Wrist shot by Anders Bjork.
18:57 of 1st period - Stopped by Craig Anderson with a rebound.
19:07 of 1st period - Zach Bogosian is hit by Wayne Simmonds and loses puck.
19:16 of 1st period - Snap shot by Nathan MacKinnon.
19:16 of 1st period - Stopped by Jonathan Quick with a rebound.
19:18 of 1st period - Wrist shot by Marian Hossa.
19:18 of 1st period - Stopped by Jonathan Quick with a rebound.
19:20 of 1st period - Slapshot by Josh Gorges.
19:20 of 1st period - Stopped by Jonathan Quick without a rebound.
19:21 of 1st period - Claude Giroux wins face-off versus Jay McClement in Capitals zone.
19:25 of 1st period - Off-side.
19:26 of 1st period - Claude Giroux wins face-off versus Jay McClement in neutral zone.
19:44 of 1st period - Off-side.
19:45 of 1st period - Nathan MacKinnon wins face-off versus Valtteri Filppula in neutral zone.
Goals for this period are 1 for Jets vs 2 for Capitals.
Shots for this period are 13 for Jets vs 10 for Capitals.

2nd period


0:01 of 2nd period - Darren Helm wins face-off versus Nathan MacKinnon in neutral zone.
0:04 of 2nd period - Snap shot by Darren Helm.
0:04 of 2nd period - Stopped by Craig Anderson without a rebound.
0:05 of 2nd period - Nathan MacKinnon wins face-off versus Darren Helm in Jets zone.
0:12 of 2nd period - Wrist shot by Wayne Simmonds.
0:12 of 2nd period - Shot Misses the Net.
0:18 of 2nd period - Wrist shot by Nathan MacKinnon.
0:18 of 2nd period - Stopped by Jonathan Quick with a rebound.
0:36 of 2nd period - Minor Penalty to Anders Bjork for Roughing.
0:37 of 2nd period - Nick Shore wins face-off versus Eric Fehr in Capitals zone.
0:47 of 2nd period - Minor Penalty to Duncan Keith for Slashing.
0:48 of 2nd period - Claude Giroux wins face-off versus Nathan MacKinnon in Jets zone.
1:04 of 2nd period - Snap shot by Nathan MacKinnon.
1:04 of 2nd period - Deflect By Wayne Simmonds.
1:04 of 2nd period - Shot Misses the Net.
1:04 of 2nd period - Puck is out of play.
1:05 of 2nd period - Nathan MacKinnon wins face-off versus Claude Giroux in Capitals zone.
1:16 of 2nd period - Wrist shot by Claude Giroux.
1:16 of 2nd period - Deflect By Ondrej Palat.
1:16 of 2nd period - Shot Blocked by Wayne Simmonds.
1:16 of 2nd period - Puck is out of play.
1:17 of 2nd period - Claude Giroux wins face-off versus Nathan MacKinnon in Jets zone.
1:58 of 2nd period - Snap shot by Brock Nelson.
1:58 of 2nd period - Stopped by Craig Anderson with a rebound.
2:36 of 2nd period - Penalty to Anders Bjork is over, Anders Bjork is back on ice.
2:47 of 2nd period - Penalty to Duncan Keith is over, Duncan Keith is back on ice.
3:15 of 2nd period - Jimmy Vesey is hit by Zach Bogosian and loses puck.
3:49 of 2nd period - Claude Giroux is hit by Nathan MacKinnon and loses puck.
4:08 of 2nd period - Josh Manson is hit by Jake Guentzel.
4:12 of 2nd period - Snap shot by Josh Bailey.
4:12 of 2nd period - Shot Misses the Net.
4:56 of 2nd period - Snap shot by Darren Helm.
4:56 of 2nd period - Stopped by Craig Anderson with a rebound.
4:58 of 2nd period - Snap shot by Anton Stralman.
4:58 of 2nd period - Deflect By Anders Bjork.
4:58 of 2nd period - Stopped by Craig Anderson without a rebound.
4:59 of 2nd period - Eric Fehr wins face-off versus Darren Helm in Jets zone.
5:45 of 2nd period - Off-side.
5:46 of 2nd period - Nathan MacKinnon wins face-off versus Valtteri Filppula in neutral zone.
5:57 of 2nd period - Jake Guentzel is hit by Wayne Simmonds.
6:01 of 2nd period - Josh Gorges is hit by Brendan Smith and loses puck.
6:34 of 2nd period - Jimmy Vesey is hit by Anders Bjork and loses puck.
6:55 of 2nd period - Ben Chiarot is hit by Wayne Simmonds and loses puck.
7:20 of 2nd period - Wrist shot by Josh Bailey.
7:20 of 2nd period - Shot Misses the Net.
9:52 of 2nd period - Slapshot by Claude Giroux.
9:52 of 2nd period - Stopped by Craig Anderson without a rebound.
9:53 of 2nd period - Claude Giroux wins face-off versus Nathan MacKinnon in Jets zone.
10:03 of 2nd period - Minor Penalty to Wayne Simmonds for Roughing.
10:04 of 2nd period - Brett Ritchie wins face-off versus Claude Giroux in Jets zone.
10:04 of 2nd period - Brett Ritchie is hit by Ondrej Palat.
10:10 of 2nd period - Icing by Anton Stralman.
10:11 of 2nd period - Nathan MacKinnon wins face-off versus Claude Giroux in Capitals zone.
10:22 of 2nd period - Snap shot by Duncan Keith.
10:22 of 2nd period - Stopped by Jonathan Quick without a rebound.
10:23 of 2nd period - Claude Giroux wins face-off versus Nathan MacKinnon in Capitals zone.
10:50 of 2nd period - Jimmy Vesey is hit by Jake Guentzel and loses puck.
10:57 of 2nd period - Snap shot by Valtteri Filppula.
10:57 of 2nd period - Stopped by Craig Anderson with a rebound.
10:59 of 2nd period - Slapshot by Ian Cole.
10:59 of 2nd period - Deflect By Josh Bailey.
10:59 of 2nd period - Stopped by Craig Anderson without a rebound.
11:00 of 2nd period - Claude Giroux wins face-off versus Nathan MacKinnon in Jets zone.
12:03 of 2nd period - Penalty to Wayne Simmonds is over, Wayne Simmonds is back on ice.
12:13 of 2nd period - Snap shot by Wayne Simmonds.
12:13 of 2nd period - Stopped by Jonathan Quick with a rebound.
12:31 of 2nd period - Snap shot by Brett Ritchie.
12:31 of 2nd period - Shot Misses the Net.
12:33 of 2nd period - Snap shot by Eric Fehr.
12:33 of 2nd period - Deflect By Zach Bogosian.
12:33 of 2nd period - Shot Misses the Net.
12:33 of 2nd period - Puck is out of play.
12:34 of 2nd period - Valtteri Filppula wins face-off versus Eric Fehr in Capitals zone.
13:00 of 2nd period - Brock Nelson is hit by Marian Hossa and loses puck.
13:23 of 2nd period - Wrist shot by Anders Bjork.
13:23 of 2nd period - Shot Blocked by Jimmy Vesey.
13:25 of 2nd period - Wrist shot by Scottie Upshall.
13:25 of 2nd period - Shot Blocked by Brett Ritchie.
13:27 of 2nd period - Slapshot by Oliver Ekman-Larsson.
13:27 of 2nd period - Stopped by Craig Anderson with a rebound.
13:29 of 2nd period - Wrist shot by Scottie Upshall.
13:29 of 2nd period - Shot Blocked by Brett Ritchie.
13:31 of 2nd period - Wrist shot by Anders Bjork.
13:31 of 2nd period - Stopped by Craig Anderson without a rebound.
13:32 of 2nd period - Valtteri Filppula wins face-off versus Nathan MacKinnon in Jets zone.
14:27 of 2nd period - Wrist shot by Ondrej Palat.
14:27 of 2nd period - Shot Misses the Net.
14:47 of 2nd period - Snap shot by Anders Bjork.
14:47 of 2nd period - Stopped by Craig Anderson with a rebound.
14:49 of 2nd period - Wrist shot by Oliver Ekman-Larsson.
14:49 of 2nd period - Shot Blocked by Josh Gorges.
14:59 of 2nd period - Wrist shot by Nathan MacKinnon.
14:59 of 2nd period - Shot Misses the Net.
15:01 of 2nd period - Slapshot by Josh Gorges.
15:01 of 2nd period - Shot Misses the Net.
15:03 of 2nd period - Wrist shot by Jay McClement.
15:03 of 2nd period - Deflect By Jimmy Vesey.
15:03 of 2nd period - Shot Misses the Net.
15:03 of 2nd period - Puck is out of play.
15:04 of 2nd period - Valtteri Filppula wins face-off versus Jay McClement in Capitals zone.
15:19 of 2nd period - Backhand shot by Jimmy Vesey.
15:19 of 2nd period - Shot Misses the Net.
15:25 of 2nd period - Minor Penalty to Valtteri Filppula for Roughing.
15:26 of 2nd period - Nick Shore wins face-off versus Nathan MacKinnon in Capitals zone.
15:35 of 2nd period - Slapshot by Wayne Simmonds.
15:35 of 2nd period - Goal by Wayne Simmonds - Jets : 2 - Capitals : 2.
15:36 of 2nd period - Nathan MacKinnon wins face-off versus Valtteri Filppula in neutral zone.
16:33 of 2nd period - Josh Gorges is hit by Anton Stralman and loses puck.
16:56 of 2nd period - Snap shot by Josh Bailey.
16:56 of 2nd period - Stopped by Craig Anderson with a rebound.
17:06 of 2nd period - Ben Chiarot is hit by Eric Fehr and loses puck.
17:21 of 2nd period - Wrist shot by Riley Sheahan.
17:21 of 2nd period - Shot Misses the Net.
17:39 of 2nd period - Wrist shot by Ondrej Palat.
17:39 of 2nd period - Shot Blocked by Joshua Morrissey.
17:56 of 2nd period - Icing by Wayne Simmonds.
17:57 of 2nd period - Nathan MacKinnon wins face-off versus Valtteri Filppula in Jets zone.
18:10 of 2nd period - Slapshot by Duncan Keith.
18:10 of 2nd period - Deflect By Troy Brouwer.
18:10 of 2nd period - Shot Misses the Net.
18:10 of 2nd period - Puck is out of play.
18:11 of 2nd period - Eric Fehr wins face-off versus Darren Helm in Capitals zone.
18:25 of 2nd period - Icing by Anton Stralman.
18:26 of 2nd period - Darren Helm wins face-off versus Nathan MacKinnon in Capitals zone.
18:43 of 2nd period - Wrist shot by Anders Bjork.
18:43 of 2nd period - Stopped by Craig Anderson without a rebound.
18:44 of 2nd period - Claude Giroux wins face-off versus Troy Brouwer in Jets zone.
18:59 of 2nd period - Claude Giroux is hit by Troy Brouwer and loses puck.
19:12 of 2nd period - Snap shot by Duncan Keith.
19:12 of 2nd period - Stopped by Jonathan Quick with a rebound.
19:14 of 2nd period - Backhand shot by Duncan Keith.
19:14 of 2nd period - Stopped by Jonathan Quick without a rebound.
19:15 of 2nd period - Nathan MacKinnon wins face-off versus Jake Guentzel in Capitals zone.
19:16 of 2nd period - Backhand shot by Wayne Simmonds.
19:16 of 2nd period - Deflect By Nathan MacKinnon.
19:16 of 2nd period - Shot Blocked by Oliver Ekman-Larsson.
19:16 of 2nd period - Puck is out of play.
19:17 of 2nd period - Nathan MacKinnon wins face-off versus Valtteri Filppula in Capitals zone.
19:30 of 2nd period - Snap shot by Wayne Simmonds.
19:30 of 2nd period - Stopped by Jonathan Quick with a rebound.
19:32 of 2nd period - Slapshot by Josh Manson.
19:32 of 2nd period - Stopped by Jonathan Quick without a rebound.
19:33 of 2nd period - Claude Giroux wins face-off versus Eric Fehr in Capitals zone.
19:33 of 2nd period - Claude Giroux is hit by Travis Hamonic.
19:59 of 2nd period - Wrist shot by Josh Bailey.
19:59 of 2nd period - Shot Misses the Net.
Goals for this period are 1 for Jets vs 0 for Capitals.
Shots for this period are 8 for Jets vs 12 for Capitals.

3rd period


0:01 of 3rd period - Nathan MacKinnon wins face-off versus Valtteri Filppula in neutral zone.
0:06 of 3rd period - Wrist shot by Nathan MacKinnon.
0:06 of 3rd period - Stopped by Jonathan Quick with a rebound.
0:08 of 3rd period - Snap shot by Josh Gorges.
0:08 of 3rd period - Stopped by Jonathan Quick with a rebound.
0:12 of 3rd period - Wrist shot by Nathan MacKinnon.
0:12 of 3rd period - Stopped by Jonathan Quick with a rebound.
0:14 of 3rd period - Slapshot by Josh Gorges.
0:14 of 3rd period - Shot Misses the Net.
0:16 of 3rd period - Slapshot by Josh Gorges.
0:16 of 3rd period - Stopped by Jonathan Quick with a rebound.
0:26 of 3rd period - Josh Manson is hit by Zach Bogosian and loses puck.
0:31 of 3rd period - Wrist shot by Claude Giroux.
0:31 of 3rd period - Shot Misses the Net.
0:33 of 3rd period - Wrist shot by Brock Nelson.
0:33 of 3rd period - Shot Misses the Net.
0:35 of 3rd period - Wrist shot by Ondrej Palat.
0:35 of 3rd period - Shot Blocked by Josh Manson.
0:37 of 3rd period - Snap shot by Ondrej Palat.
0:37 of 3rd period - Stopped by Craig Anderson with a rebound.
0:53 of 3rd period - Jay McClement is hit by Riley Sheahan and loses puck.
1:17 of 3rd period - Wrist shot by Anders Bjork.
1:17 of 3rd period - Stopped by Craig Anderson without a rebound.
1:18 of 3rd period - Nathan MacKinnon wins face-off versus Jake Guentzel in Jets zone.
1:18 of 3rd period - Nathan MacKinnon is hit by Valtteri Filppula.
1:33 of 3rd period - Duncan Keith is hit by Ian Cole and loses puck.
1:44 of 3rd period - Jacob Josefson is hit by Claude Giroux and loses puck.
2:05 of 3rd period - Brett Ritchie is hit by Scottie Upshall and loses puck.
2:14 of 3rd period - Snap shot by Anders Bjork.
2:14 of 3rd period - Stopped by Craig Anderson with a rebound.
2:17 of 3rd period - Icing by Duncan Keith.
2:18 of 3rd period - Jay McClement wins face-off versus Valtteri Filppula in Jets zone.
2:25 of 3rd period - Snap shot by Valtteri Filppula.
2:25 of 3rd period - Stopped by Craig Anderson without a rebound.
2:26 of 3rd period - Valtteri Filppula wins face-off versus Nathan MacKinnon in Jets zone.
2:57 of 3rd period - Snap shot by Claude Giroux.
2:57 of 3rd period - Stopped by Craig Anderson with a rebound.
2:59 of 3rd period - Snap shot by Claude Giroux.
2:59 of 3rd period - Goal by Claude Giroux - Jets : 2 - Capitals : 3.
3:00 of 3rd period - Claude Giroux wins face-off versus Nathan MacKinnon in neutral zone.
3:36 of 3rd period - Slapshot by Jake Guentzel.
3:36 of 3rd period - Shot Misses the Net.
3:46 of 3rd period - Wrist shot by Riley Sheahan.
3:46 of 3rd period - Shot Blocked by Duncan Keith.
3:48 of 3rd period - Wrist shot by Jason Chimera.
3:48 of 3rd period - Shot Blocked by Duncan Keith.
4:10 of 3rd period - Slapshot by Nathan MacKinnon.
4:10 of 3rd period - Shot Misses the Net.
4:12 of 3rd period - Snap shot by Nathan MacKinnon.
4:12 of 3rd period - Shot Misses the Net.
4:14 of 3rd period - Snap shot by Wayne Simmonds.
4:14 of 3rd period - Stopped by Jonathan Quick with a rebound.
4:16 of 3rd period - Snap shot by Wayne Simmonds.
4:16 of 3rd period - Stopped by Jonathan Quick with a rebound.
5:10 of 3rd period - Snap shot by Anders Bjork.
5:10 of 3rd period - Shot Blocked by Wayne Simmonds.
5:32 of 3rd period - Ian Cole is hit by Nate Prosser and loses puck.
6:07 of 3rd period - Darren Helm is hit by Jacob Josefson and loses puck.
7:07 of 3rd period - Brett Ritchie is hit by Brendan Smith and loses puck.
7:27 of 3rd period - Snap shot by Jason Chimera.
7:27 of 3rd period - Shot Blocked by Mark Pysyk.
7:29 of 3rd period - Snap shot by Nick Shore.
7:29 of 3rd period - Shot Blocked by Nathan MacKinnon.
7:31 of 3rd period - Snap shot by Nick Shore.
7:31 of 3rd period - Shot Blocked by Joshua Morrissey.
7:33 of 3rd period - Slapshot by Brendan Smith.
7:33 of 3rd period - Stopped by Craig Anderson with a rebound.
7:35 of 3rd period - Slapshot by Ben Chiarot.
7:35 of 3rd period - Shot Blocked by Mark Pysyk.
7:45 of 3rd period - Zach Bogosian is hit by Jacob Josefson and loses puck.
8:25 of 3rd period - Slapshot by Oliver Ekman-Larsson.
8:25 of 3rd period - Stopped by Craig Anderson with a rebound.
9:05 of 3rd period - Duncan Keith is hit by Ondrej Palat and loses puck.
9:53 of 3rd period - Off-side.
9:54 of 3rd period - Nathan MacKinnon wins face-off versus Jason Chimera in neutral zone.
10:01 of 3rd period - Slapshot by Nathan MacKinnon.
10:01 of 3rd period - Stopped by Jonathan Quick with a rebound.
10:17 of 3rd period - Minor Penalty to Josh Gorges for Slashing.
10:18 of 3rd period - Nathan MacKinnon wins face-off versus Claude Giroux in Jets zone.
12:17 of 3rd period - Penalty to Josh Gorges is over, Josh Gorges is back on ice.
12:34 of 3rd period - Eric Fehr is hit by Ben Chiarot and loses puck.
12:47 of 3rd period - Riley Sheahan is hit by Nathan Paetsch.
13:21 of 3rd period - Joshua Morrissey is hit by Zach Bogosian and loses puck.
13:32 of 3rd period - Jacob Josefson is hit by Josh Bailey and loses puck.
13:59 of 3rd period - Off-side.
14:00 of 3rd period - Jay McClement wins face-off versus Claude Giroux in neutral zone.
14:07 of 3rd period - Backhand shot by Jimmy Vesey.
14:07 of 3rd period - Shot Misses the Net.
14:09 of 3rd period - Snap shot by Jay McClement.
14:09 of 3rd period - Stopped by Jonathan Quick with a rebound.
14:47 of 3rd period - Off-side.
14:48 of 3rd period - Darren Helm wins face-off versus Eric Fehr in neutral zone.
15:14 of 3rd period - Snap shot by Anders Bjork.
15:14 of 3rd period - Stopped by Craig Anderson with a rebound.
16:00 of 3rd period - Snap shot by Troy Brouwer.
16:00 of 3rd period - Shot Blocked by Riley Sheahan.
16:09 of 3rd period - Icing by Nick Shore.
16:10 of 3rd period - Riley Sheahan wins face-off versus Nathan MacKinnon in Capitals zone.
16:15 of 3rd period - Slapshot by Zach Bogosian.
16:15 of 3rd period - Stopped by Craig Anderson without a rebound.
16:16 of 3rd period - Valtteri Filppula wins face-off versus Nathan MacKinnon in Jets zone.
16:47 of 3rd period - Wrist shot by Wayne Simmonds.
16:47 of 3rd period - Shot Misses the Net.
16:49 of 3rd period - Slapshot by Wayne Simmonds.
16:49 of 3rd period - Stopped by Jonathan Quick with a rebound.
16:51 of 3rd period - Snap shot by Travis Hamonic.
16:51 of 3rd period - Stopped by Jonathan Quick without a rebound.
16:52 of 3rd period - Riley Sheahan wins face-off versus Eric Fehr in Capitals zone.
17:17 of 3rd period - Josh Gorges is hit by Claude Giroux.
17:29 of 3rd period - Snap shot by Ondrej Palat.
17:29 of 3rd period - Stopped by Craig Anderson without a rebound.
17:30 of 3rd period - Colton Sissons wins face-off versus Darren Helm in Jets zone.
17:32 of 3rd period - Minor Penalty to Wayne Simmonds for Interference.
17:33 of 3rd period - Claude Giroux wins face-off versus Nathan MacKinnon in Jets zone.
19:32 of 3rd period - Penalty to Wayne Simmonds is over, Wayne Simmonds is back on ice.
Goals for this period are 0 for Jets vs 1 for Capitals.
Shots for this period are 10 for Jets vs 11 for Capitals.